TOP OF THE 1ST |
Hamilton Coyotes batting - Pitching for Scranton Supernovas : LHP Paco López
|
Pitching: LHP Paco López
|
|
Batting: RHB Ben Daniel
|
0-0: Called Strike 0-1: Ball 1-1: Foul Ball, location: 2F 1-2: Strikes out swinging
|
Batting: RHB Stan Pierce
|
0-0: Ball 1-0: Foul Ball, location: 2F 1-1: Swinging Strike 1-2: Fly out, F7 (Flyball, 78M)
|
Batting: RHB Ralph May
|
0-0: Called Strike 0-1: Foul Ball, location: 2F 0-2: Ball 1-2: Strikes out swinging
|
Top of the 1st over - 0 run(s), 0 hit(s), 0 error(s), 0 left on base; Hamilton 0 - Scranton 0 |
BOTTOM OF THE 1ST |
Scranton Supernovas batting - Pitching for Hamilton Coyotes : RHP Alfonso Miranda
|
Pitching: RHP Alfonso Miranda
|
|
Batting: RHB Keith MacKey
|
0-0: Ball 1-0: Fly out, F9 (Flyball, 9M)
|
Batting: RHB Josh Stafford
|
0-0: SINGLE (Groundball, 6MD) (infield hit)
|
Batting: RHB Juan Tapia
|
0-0: Ball 1-0: DOUBLE (Flyball, 7LD) Josh Stafford to third Runner from 3rd tries for Home, SAFE, no throw or cutoff
|
Batting: LHB Héctor Torres
|
0-0: Ground out 1-3 (Groundball, 15S)
|
Batting: RHB Ethan Stanford
|
0-0: Ball 1-0: Called Strike 1-1: Foul Ball, location: 2F 1-2: Fly out, F8 (Flyball, 8LM)
|
Bottom of the 1st over - 1 run(s), 2 hit(s), 0 error(s), 1 left on base; Hamilton 0 - Scranton 1 |
TOP OF THE 2ND |
Hamilton Coyotes batting - Pitching for Scranton Supernovas : LHP Paco López
|
Batting: RHB Carlos Mercado
|
0-0: Ball 1-0: Ball 2-0: Called Strike 2-1: Called Strike 2-2: Fly out, F6 (Popup, 5L)
|
Batting: RHB Jon Erickson
|
0-0: Ball 1-0: Called Strike 1-1: Swinging Strike 1-2: Strikes out swinging
|
Batting: LHB Lance Schiffer
|
0-0: Called Strike 0-1: Fly out, F5 (Popup, 5)
|
Top of the 2nd over - 0 run(s), 0 hit(s), 0 error(s), 0 left on base; Hamilton 0 - Scranton 1 |
BOTTOM OF THE 2ND |
Scranton Supernovas batting - Pitching for Hamilton Coyotes : RHP Alfonso Miranda
|
Batting: RHB Lance Davis
|
0-0: Ball 1-0: Ball 2-0: Ball 3-0: Called Strike 3-1: Ground out 3-1 (Groundball, 34)
|
Batting: RHB Patrizio Vanali
|
0-0: Foul Ball, location: 2F 0-1: Ball 1-1: Ball 2-1: Ball 3-1: Called Strike 3-2: Strikes out looking
|
Batting: RHB Stephen Blair
|
0-0: Ground out 5-3 (Groundball, 56)
|
Bottom of the 2nd over - 0 run(s), 0 hit(s), 0 error(s), 0 left on base; Hamilton 0 - Scranton 1 |
TOP OF THE 3RD |
Hamilton Coyotes batting - Pitching for Scranton Supernovas : LHP Paco López
|
Batting: RHB Dan Holliday
|
0-0: Ball 1-0: Foul Ball, location: 2F 1-1: Foul Ball, location: 2F 1-2: Ground out 6-3 (Groundball, 6)
|
Batting: RHB Dan Bernard
|
0-0: Called Strike 0-1: Swinging Strike 0-2: Ball 1-2: Ground out 5-3 (Groundball, 56)
|
Batting: RHB Jesús Soto
|
0-0: Ball 1-0: Foul Ball, location: 2F 1-1: Ball 2-1: Swinging Strike 2-2: Ball 3-2: Base on Balls
|
Batting: RHB Ben Daniel
|
Pickoff Throw to First - Out!
|
Top of the 3rd over - 0 run(s), 0 hit(s), 0 error(s), 0 left on base; Hamilton 0 - Scranton 1 |
BOTTOM OF THE 3RD |
Scranton Supernovas batting - Pitching for Hamilton Coyotes : RHP Alfonso Miranda
|
Batting: RHB Jerome Wilson
|
0-0: Ball 1-0: Bunted foul 1-1: Foul Ball, location: 2F 1-2: Foul Ball, location: 2F 1-2: Fly out, F8 (Flyball, 8LD)
|
Batting: RHB Keith MacKey
|
0-0: Ball 1-0: DOUBLE (Line Drive, 8RD)
|
Batting: RHB Josh Stafford
|
0-0: Called Strike Keith MacKey steals 3rd base 0-1: Called Strike 0-2: Foul Ball, location: 2F 0-2: Ball 1-2: Fly out, F5 (Popup, 5SF)
|
Batting: RHB Juan Tapia
|
0-0: Foul Ball, location: 2F 0-1: Ball 1-1: Foul Ball, location: 2F 1-2: Strikes out swinging
|
Bottom of the 3rd over - 0 run(s), 1 hit(s), 0 error(s), 1 left on base; Hamilton 0 - Scranton 1 |
TOP OF THE 4TH |
Hamilton Coyotes batting - Pitching for Scranton Supernovas : LHP Paco López
|
Batting: RHB Ben Daniel
|
0-0: Ball 1-0: Called Strike 1-1: Fly out, F8 (Flyball, 8RS)
|
Batting: RHB Stan Pierce
|
0-0: Ball 1-0: Called Strike 1-1: Foul Ball, location: 2F 1-2: Fly out, F5 (Popup, 25)
|
Batting: RHB Ralph May
|
0-0: SINGLE (Flyball, 78S)
|
Batting: RHB Carlos Mercado
|
0-0: Ball 1-0: Called Strike 1-1: SINGLE (Line Drive, 6D) Ralph May to second
|
Batting: RHB Jon Erickson
|
0-0: Fly out, F9 (Flyball, 89M)
|
Top of the 4th over - 0 run(s), 2 hit(s), 0 error(s), 2 left on base; Hamilton 0 - Scranton 1 |
BOTTOM OF THE 4TH |
Scranton Supernovas batting - Pitching for Hamilton Coyotes : RHP Alfonso Miranda
|
Batting: LHB Héctor Torres
|
0-0: Fly out, F6 (Popup, 56D)
|
Batting: RHB Ethan Stanford
|
0-0: Ball 1-0: Swinging Strike 1-1: Ball 2-1: Ball 3-1: Foul Ball, location: 2F 3-2: Strikes out looking
|
Batting: RHB Lance Davis
|
0-0: Called Strike 0-1: Foul Ball, location: 2F 0-2: Strikes out swinging
|
Bottom of the 4th over - 0 run(s), 0 hit(s), 0 error(s), 0 left on base; Hamilton 0 - Scranton 1 |
TOP OF THE 5TH |
Hamilton Coyotes batting - Pitching for Scranton Supernovas : LHP Paco López
|
Batting: LHB Lance Schiffer
|
0-0: Called Strike 0-1: Ball 1-1: Ground out 3-1 (Groundball, 34S)
|
Batting: RHB Dan Holliday
|
0-0: Ball 1-0: Ball 2-0: Foul Ball, location: 2F 2-1: Ball 3-1: Base on Balls
|
Batting: RHB Dan Bernard
|
0-0: Called Strike 0-1: Ball 1-1: Ball Wild Pitch! Dan Holliday to second 2-1: Ground out 4-3 (Groundball, 4) Dan Holliday to third
|
Batting: RHB Jesús Soto
|
0-0: Ball 1-0: Called Strike 1-1: Called Strike 1-2: Ground out 6-3 (Groundball, 56)
|
Top of the 5th over - 0 run(s), 0 hit(s), 0 error(s), 1 left on base; Hamilton 0 - Scranton 1 |
BOTTOM OF THE 5TH |
Scranton Supernovas batting - Pitching for Hamilton Coyotes : RHP Alfonso Miranda
|
Batting: RHB Patrizio Vanali
|
0-0: Ball 1-0: Ball 2-0: Ball 3-0: Base on Balls
|
Batting: RHB Stephen Blair
|
0-0: Swinging Strike 0-1: Ball 1-1: Called Strike 1-2: Grounds into double play, 6-4-3 (Groundball, 6M)
|
Batting: RHB Jerome Wilson
|
0-0: Foul Ball, location: 2F 0-1: Swinging Strike 0-2: Ball 1-2: SINGLE (Groundball, 5D)
|
Batting: RHB Keith MacKey
|
0-0: Ball Throwing error on steal attempt, E2 Jerome Wilson to third 1-0: Swinging Strike 1-1: Foul Ball, location: 2F 1-2: Ball 2-2: Ball 3-2: Foul Ball, location: 2F 3-2: Fly out, F5 (Popup, 25)
|
Bottom of the 5th over - 0 run(s), 1 hit(s), 1 error(s), 1 left on base; Hamilton 0 - Scranton 1 |
TOP OF THE 6TH |
Hamilton Coyotes batting - Pitching for Scranton Supernovas : LHP Paco López
|
Batting: RHB Ben Daniel
|
0-0: Ball 1-0: Ball 2-0: Ball 3-0: Base on Balls
|
Batting: RHB Stan Pierce
|
0-0: Sac Bunt - play at first, batter OUT! 1-4 Ben Daniel to second
|
Batting: RHB Ralph May
|
0-0: Foul Ball, location: 2F 0-1: Swinging Strike 0-2: 2-RUN HOME RUN (Flyball, 78XD), Distance : 428 ft
|
Batting: RHB Carlos Mercado
|
0-0: Fly out, F4 (Popup, 34)
|
Batting: RHB Jon Erickson
|
0-0: Ball 1-0: Called Strike 1-1: Called Strike 1-2: Strikes out swinging
|
Top of the 6th over - 2 run(s), 1 hit(s), 0 error(s), 0 left on base; Hamilton 2 - Scranton 1 |
BOTTOM OF THE 6TH |
Scranton Supernovas batting - Pitching for Hamilton Coyotes : RHP Alfonso Miranda
|
Batting: RHB Josh Stafford
|
0-0: Swinging Strike 0-1: Ball 1-1: Called Strike 1-2: Ground out 4-3 (Groundball, 4)
|
Batting: RHB Juan Tapia
|
0-0: Ball 1-0: SINGLE (Groundball, 15) (infield hit)
|
Batting: LHB Héctor Torres
|
0-0: Fly out, F7 (Flyball, 7M)
|
Batting: RHB Ethan Stanford
|
0-0: Ball Pickoff Throw to First - Out!
|
Bottom of the 6th over - 0 run(s), 1 hit(s), 0 error(s), 0 left on base; Hamilton 2 - Scranton 1 |
TOP OF THE 7TH |
Hamilton Coyotes batting - Pitching for Scranton Supernovas : LHP Paco López
|
Batting: LHB Lance Schiffer
|
0-0: Ball 1-0: Fly out, F7 (Flyball, 78S)
|
Batting: RHB Dan Holliday
|
0-0: Ball 1-0: SINGLE (Groundball, 34D)
|
Pinch Hitting: RHB Pete Knight
|
0-0: Ball 1-0: Ball 2-0: Called Strike 2-1: Foul Ball, location: 2F 2-2: Foul Ball, location: 2F 2-2: Ball 3-2: DOUBLE (Line Drive, 7LM) Dan Holliday to third
|
Batting: RHB Jesús Soto
|
0-0: Ball 1-0: Foul Ball, location: 2F 1-1: Ball 2-1: Fly out, F7 (Line Drive, 78M) Runner from 3rd tags up, SCORES, throw made
|
Batting: RHB Ben Daniel
|
0-0: Swinging Strike 0-1: Ball 1-1: Fly out, F6 (Popup, 6M)
|
Top of the 7th over - 1 run(s), 2 hit(s), 0 error(s), 1 left on base; Hamilton 3 - Scranton 1 |
BOTTOM OF THE 7TH |
Scranton Supernovas batting - Pitching for Hamilton Coyotes : RHP Alfonso Miranda
|
Now in CF: Quinn Johnson
|
|
Batting: RHB Ethan Stanford
|
0-0: Foul Ball, location: 2F 0-1: Foul Ball, location: 2F 0-2: Foul Ball, location: 2F 0-2: Ball 1-2: Fly out, F8 (Flyball, 8RXD)
|
Batting: RHB Lance Davis
|
0-0: Ground out 4-3 (Groundball, 4M)
|
Batting: RHB Patrizio Vanali
|
0-0: Foul Ball, location: 2F 0-1: Swinging Strike 0-2: Ball 1-2: Strikes out swinging
|
Bottom of the 7th over - 0 run(s), 0 hit(s), 0 error(s), 0 left on base; Hamilton 3 - Scranton 1 |
TOP OF THE 8TH |
Hamilton Coyotes batting - Pitching for Scranton Supernovas : LHP Paco López
|
Batting: RHB Stan Pierce
|
0-0: Called Strike 0-1: Ball 1-1: SINGLE (Flyball, 7LS)
|
Batting: RHB Ralph May
|
0-0: Ball 1-0: DOUBLE (Flyball, 78XD) Stan Pierce to third
|
Batting: RHB Carlos Mercado
|
0-0: Swinging Strike 0-1: Ball 1-1: Ball 2-1: Ball 3-1: SINGLE (Flyball, 8RS) Stan Pierce scores Ralph May to third Runner from 3rd tries for Home, throw and OUT!
|
Batting: RHB Jon Erickson
|
0-0: Called Strike 0-1: Swinging Strike 0-2: Foul Ball, location: 2F 0-2: Ball 1-2: Ball 2-2: Ball 3-2: DOUBLE (Flyball, 89XD) Carlos Mercado to third Runner from 3rd tries for Home, SAFE, throw made at trailing runner, SAFE at third!
|
Pitching: LHP Ted Wright
|
|
Batting: LHB Lance Schiffer
|
0-0: Ball 1-0: Foul Ball, location: 2F 1-1: Ball 2-1: Ball 3-1: Foul Ball, location: 2F 3-2: Base on Balls
|
Batting: RHB Dan Holliday
|
0-0: Called Strike 0-1: Ball 1-1: Swinging Strike 1-2: Ball 2-2: Ball 3-2: Base on Balls Lance Schiffer to second
|
Batting: RHB Quinn Johnson
|
0-0: Ball 1-0: Foul Ball, location: 2F 1-1: Called Strike 1-2: Strikes out swinging
|
Batting: RHB Jesús Soto
|
0-0: Ball 1-0: Swinging Strike 1-1: Ball 2-1: Swinging Strike 2-2: Foul Ball, location: 2F 2-2: SINGLE (Groundball, 5D) Jon Erickson scores Lance Schiffer to third Dan Holliday to second Runner from 3rd tries for Home, SAFE, no throw or cutoff
|
Batting: RHB Ben Daniel
|
0-0: Foul Ball, location: 2F 0-1: Ball 1-1: Foul Ball, location: 2F 1-2: Ball 2-2: Fly out, F9 (Flyball, 89M)
|
Top of the 8th over - 4 run(s), 5 hit(s), 0 error(s), 2 left on base; Hamilton 7 - Scranton 1 |
BOTTOM OF THE 8TH |
Scranton Supernovas batting - Pitching for Hamilton Coyotes : RHP Alfonso Miranda
|
Now in LF: Cliff Hale
|
|
Batting: RHB Stephen Blair
|
0-0: Foul Ball, location: 2F 0-1: Ball 1-1: Swinging Strike 1-2: Ball 2-2: Strikes out looking
|
Batting: RHB Jerome Wilson
|
0-0: Called Strike 0-1: Ground out 6-3 (Groundball, 6M)
|
Batting: RHB Keith MacKey
|
0-0: Swinging Strike 0-1: Ball 1-1: Ball 2-1: Ground out 4-3 (Groundball, 4)
|
Bottom of the 8th over - 0 run(s), 0 hit(s), 0 error(s), 0 left on base; Hamilton 7 - Scranton 1 |
TOP OF THE 9TH |
Hamilton Coyotes batting - Pitching for Scranton Supernovas : LHP Ted Wright
|
Batting: RHB Stan Pierce
|
0-0: Fly out, F4 (Line Drive, 4)
|
Batting: RHB Ralph May
|
0-0: Ball 1-0: Foul Ball, location: 2F 1-1: Ball 2-1: Foul Ball, location: 2F 2-2: Ball 3-2: Foul Ball, location: 2F 3-2: Strikes out looking
|
Batting: RHB Carlos Mercado
|
0-0: Ball 1-0: Called Strike 1-1: Ball 2-1: Ball 3-1: Ground out 4-3 (Groundball, 4)
|
Top of the 9th over - 0 run(s), 0 hit(s), 0 error(s), 0 left on base; Hamilton 7 - Scranton 1 |
BOTTOM OF THE 9TH |
Scranton Supernovas batting - Pitching for Hamilton Coyotes : RHP Alfonso Miranda
|
Batting: RHB Josh Stafford
|
0-0: Ground out 4-3 (Groundball, 34)
|
Batting: RHB Juan Tapia
|
0-0: Foul Ball, location: 2F 0-1: Ball 1-1: Foul Ball, location: 2F 1-2: Ball 2-2: Ball 3-2: Ground out 6-3 (Groundball, 6M)
|
Batting: LHB Héctor Torres
|
0-0: Ball 1-0: Ball 2-0: Ball 3-0: Called Strike 3-1: Base on Balls
|
Pitching: RHP John Ashley
|
|
Batting: RHB Ethan Stanford
|
0-0: Ball 1-0: Called Strike 1-1: Ball 2-1: Ball 3-1: Base on Balls Héctor Torres to second
|
Batting: RHB Lance Davis
|
0-0: Called Strike 0-1: Ball 1-1: Foul Ball, location: 2F 1-2: Ball 2-2: Foul Ball, location: 2F 2-2: Strikes out swinging
|
Bottom of the 9th over - 0 run(s), 0 hit(s), 0 error(s), 2 left on base; Hamilton 7 - Scranton 1 |
|